 Dungeon Crawl Stone Soup version 0.30-a0-3-gc9032a9cac (webtiles) character file.

Game seed: 10594697189870579539

29 BritishOli the Trooper (level 3, 29/29 HPs)
             Began as a Demonspawn Fighter on Aug 20, 2022.
             Got out of the dungeon alive.
             The game lasted 00:00:49 (1031 turns).

BritishOli the Trooper (Demonspawn Fighter)         Turns: 1031, Time: 00:00:50

Health: 29/29      AC:  6    Str: 18    XL:     3   Next: 1%
Magic:  3/3        EV:  9    Int:  9    God:
Gold:   75         SH:  4    Dex: 12    Spells: 2/2 levels left

rFire   . . .      SeeInvis .    a - +0 long sword
rCold   . . .      Faith    .    c - +0 buckler
rNeg    . . .      Spirit   .    b - +0 scale mail
rPois   .          Reflect  .    (no helmet)
rElec   .          Harm     .    (no cloak)
rCorr   .          Rampage  .    (no gloves)
Will    .....                    (no boots)
Stlth   ..........               (no amulet)
HPRegen 0.09/turn                (no ring)
MPRegen 0.16/turn                (no ring)

@: no status effects
A: claws 1, magic regeneration
a: no special abilities


You escaped.
You visited 1 branch of the dungeon, and saw 2 of its levels.

You collected 75 gold pieces.

Inventory:

Hand Weapons
 a - a +0 long sword (weapon)
Armour
 b - a +0 scale mail (worn)
 c - a +0 buckler (worn)
Scrolls
 h - a scroll of poison {unknown}
Potions
 d - a potion of might
 e - a potion of heal wounds {unknown}
 f - a potion of magic {unknown}
 g - 2 potions of ambrosia {unknown}


   Skills:
 + Level 3.3 Fighting
 + Level 2.1 Long Blades
 + Level 3.0 Armour
 + Level 3.0 Shields


You had 2 spell levels left.
You didn't know any spells.
Your spell library was empty.

Dungeon Overview and Level Annotations

Branches:
Dungeon (2/15)

Altars:


Innate Abilities, Weirdness & Mutations

You have sharp fingernails.
You regenerate magic rapidly.


Message History

You slash the kobold!
You kill the kobold!
Things that are here:
a +0 dagger; 3 stones; a kobold corpse
Found a scale mail.
No target in view!
g - 2 blue potions No target in view!
Found a stone staircase leading down.
You now have 75 gold pieces (gained 8).
No target in view!
There is a stone staircase leading down here.
You open the door.
There is an open door here.
You open the door.
There is an open door here.
Found 5 stones.
No target in view!
Found a ring mail.
No target in view!
h - a scroll labelled HICYURUNUH No target in view!
A ball python comes into view.
The ball python hisses angrily.
A ball python is nearby!
You slash the ball python!
You kill the ball python!
You have reached level 3!
Your experience leads to an increase in your attributes!
Increase (S)trength, (I)ntelligence, or (D)exterity?
You feel stronger. x2; Your demonic ancestry asserts itself...
Your magic begins to regenerate rapidly.
No target in view!
Found a whip.
There is a fountain of clear blue water here.
No target in view!
There is an open door here.
There is a staircase leading out of the dungeon here.
Are you sure you want to leave the Dungeon?
This will make you lose the game!
You have escaped!

.......#.............#.##########
...........###########...........
.#...##.#.##~~~~~~~~~###########.
..........#~~~~~~~~~~~# #.
###.......#~~#~§~~#~~~####### #.
#....##.#~~~~~~~~~~~#.....# #.
#.......#~~○~○~~~~~~#.###.# #.
#...###.#############.# #.# #.
#...#....'....@....'..# #.# #.
###...#+#.#############.# #.# #.
##........#~~~~~~~~~~~#.# #.# #.
....>.....#~~~~~~~~~~~#.# #.# #.
..........#~~#~~°~#~~☼#.# #.# #.
..........#~~~~~~~~~~~#.# #.####.
..##########~~~~~~~~~##.# #......
..##...## ########### .# #######
........###


There were no monsters in sight!

Vanquished Creatures
  A bat (D:2)
  3 endoplasms
  2 goblins
  3 hobgoblins (D:1)
  3 jackals (D:1)
  2 quokkas (D:1)
  2 ball pythons
  2 frilled lizards (D:1)
  4 kobolds (D:1)
  2 rats (D:1)
24 creatures vanquished.

Notes
Turn   | Place    | Note
-------+----------+-------------------------------------------
     0 | D:1      | BritishOli the Demonspawn Fighter began the quest for the
                  | Orb.
     0 | D:1      | Reached XP level 1. HP: 18/18 MP: 1/1
   196 | D:1      | Gained mutation: You have sharp fingernails. [demonic
                  | ancestry]
   196 | D:1      | Reached XP level 2. HP: 21/24 MP: 2/2
   985 | D:1      | Gained mutation: You regenerate magic rapidly. [demonic
                  | ancestry]
   985 | D:1      | Reached XP level 3. HP: 29/29 MP: 3/3
  1031 | D:$      | Got out of the dungeon alive.

Illustrated notes

Levels and vault maps discovered:
D:1:      saegor_arrival_miasma, layout_basic, grunt_decor_mini_mirrors
D:2:      layout_loops_corners, hellmonk_ecumenical_altar_blasted,
          minmay_pentomino_u2

Skill      XL: |  1  2 |
---------------+-------+-----
Long Blades    | 2 |  2.1
Shields        | 3 |  3.0
Armour         | 3 |  3.0
Fighting       | |  3.3

Action                   || total
-------------------------++-------
Melee: Long sword        ||    59
Armor: Scale mail        ||    46
Dodge: Dodged            ||    41
Block: Buckler           ||    20

Table legend: (Time is in decaauts)
 A = Elapsed time spent in this place.
 B = Non-inter-level travel time spent in this place.
 C = Inter-level travel time spent in this place.
 D = Time resting spent in this place.
 E = Time spent auto-exploring this place.
 F = Levels seen in this place.
 G = Mean time per level.
                   A        B        C        D        E       F      G
               +--------+--------+--------+--------+--------+-----+--------+
         Total |   1050 |   1018 |     32 |    342 |    518 |   2 |  525.0 |
       Dungeon |   1050 |   1018 |     32 |    342 |    518 |   2 |  525.0 |
               +--------+--------+--------+--------+--------+-----+--------+

Top non-repeatable levels by time:
     D:1: 822 daAuts
     D:2: 227 daAuts
